 Dungeon Crawl Stone Soup version 0.31.0-1-g2c135a0 (webtiles) character file.

Game seed: 4235260320066338577

635 OliveOil123 the Chopper (level 7, -6/5 HPs)
             Began as a Gnoll Wanderer on Mar 3, 2024.
             Was an Initiate of Yredelemnul.
             Mangled by an ogre
             ... wielding a +0 giant spiked club
              (11 damage)
             ... on level 5 of the Dungeon.
             The game lasted 00:52:51 (4723 turns).

OliveOil123 the Chopper (Gnoll Wanderer)            Turns: 4723, Time: 00:52:51

Health: -6/5       AC: 13    Str: 17    XL:     7   Next: 50%
Magic:  15/15      EV:  5    Int: 12    God:    Yredelemnul [......]
Gold:   187        SH:  0    Dex:  7    Spells: 13/17 levels left

rFire   . . .        o - +3 hand axe
rCold   + + .        (no shield)
rNeg    + + +        h - +1 plate armour
rPois   ∞            b - +0 helmet
rElec   .            (no cloak)
rCorr   .            (no gloves)
SInv    .            (no boots)
Will    +....        (no amulet) Stlth
                     g - ring of protection from cold
HPRegen 0.20/turn    (no ring)
MPRegen 0.14/turn

%: no passive effects
@: death-form
A: vile attack, torment immunity, no potions, reduced hp, fangs 1, strong nose,
distributed training, clumsy 1, poison resistance, strong 1, MP-powered wands
a: Siphon Essence, Begin Untransformation, Renounce Religion, Recall Undead
Harvest


You were on level 5 of the Dungeon.
You worshipped Yredelemnul.
Yredelemnul was noncommittal.
You were an undying horror.
You visited 1 branch of the dungeon, and saw 5 of its levels.
You also visited: Sewer.

You collected 187 gold pieces.

Inventory:

Hand Weapons
 o - a +3 hand axe (weapon)
Armour
 b - a +0 helmet (worn)
 d - a +0 leather armour
 h - a +1 plate armour (worn)
Jewellery
 g - a ring of protection from cold (left hand)
Talismans
 j - a talisman of death (active)
 n - a maw talisman
Scrolls
 f - 4 scrolls of identify
 k - a scroll of torment
 l - a scroll of silence
Potions
 a - a potion of might
 c - 3 potions of lignification
 e - 4 potions of brilliance {unknown}


   Skills:
 + Level 2.6 Fighting
 + Level 2.6 Short Blades
 + Level 2.6 Long Blades
 + Level 7.1 Axes
 + Level 2.6 Maces & Flails
 + Level 2.6 Polearms
 + Level 2.6 Staves
 + Level 2.6 Ranged Weapons
 + Level 2.6 Throwing
 + Level 2.6 Armour
 + Level 2.6 Dodging
 + Level 6.6 Stealth
 + Level 2.6 Shields
 + Level 2.6 Unarmed Combat
 + Level 5.7 Spellcasting
 + Level 2.1 Conjurations
 + Level 3.1 Hexes
 + Level 2.1 Summonings
 + Level 2.1 Necromancy
 + Level 2.1 Translocations
 + Level 2.1 Fire Magic
 + Level 2.1 Ice Magic
 + Level 2.1 Air Magic
 + Level 2.1 Earth Magic
 + Level 2.1 Alchemy
 + Level 4.0 Invocations
 + Level 2.6 Evocations
 + Level 2.4 Shapeshifting


You had 13 spell levels left.
You knew the following spells:

 Your Spells              Type           Power      Damage    Failure   Level
a - Slow                  Hex            40%        N/A       95%         1
b - Tukima's Dance        Hex            10%        N/A       100%        3

Your spell library contained the following spells:

 Spells                   Type           Power      Damage    Failure   Level
 Blink                    Tloc           16%        N/A       99%         2
 Lesser Beckoning         Tloc           16%        N/A       99%         2
 Momentum Strike          Conj/Tloc      16%        3d8       99%         2
 Ozocubu's Armour         Ice            8%         N/A       100%        3
 Metabolic Englaciation   Hex/Ice        4%         N/A       100%        5
 Sculpt Simulacrum        Ice/Alch       4%         N/A       100%        6


Dungeon Overview and Level Annotations

Branches:
Dungeon (5/15)              Sewer (visited)
 Temple: D:4-7

Altars:
Kikubaaqudgha
Qazlal
Yredelemnul

Shops:
D:5 :=


Innate Abilities, Weirdness & Mutations

You are an undying horror.
Your melee and unarmed attacks drain, slow and weaken victims.
You are immune to unholy pain and torment.
You cannot drink.
Your maximum health is decreased, since you lack skill for your form.
You have very sharp teeth.
Your uncanny sense of smell can sniff out nearby items.
Your experience applies equally to all skills.
You are clumsy. (Dex -2)
Your system is resistant to poisons. (rPois)
Your muscles are strong. (Str +4, Int/Dex -1)
You expend magic power (3 MP) to strengthen your wands.


Message History

You hit the white imp.
The white imp is moderately wounded.
You closely miss the white imp.
The white imp is moderately wounded.
The white imp hits you but does no damage.
You hit the white imp.
The white imp is severely wounded.
The white imp gestures at you.
The puff of frost hits you but does no damage.
You barely miss the white imp. You punch the white imp.
You kill the white imp!
Your Invocations skill increases to level 4!
Found Paycri's Jewellery Boutique.
Found an escape hatch in the ceiling.
f - 4 scrolls of identify (gained 1)
There is an entrance to Paycri's Jewellery Boutique here.
You begin transforming.
You continue transforming. x3
Your flesh twists and warps into a mockery of life!
You open the door.
There is an open door here.
You open the door.
There is an open door here.
Found an escape hatch in the floor.
There is an escape hatch in the floor here.
You open the door.
There is an open door here.
There is an open door here.
An ogre comes into view. It is wielding a +0 giant spiked club.
The ogre shouts!
Okay, then.
As you read the scroll labelled VAIN CAILU, it dissolves into smoke.
It was a scroll of fog.
An ogre is nearby!
You open the door.
Found a dagger.
There is an open door here.
You barely miss the ogre.
The ogre hits you with a +0 giant spiked club!
Ouch! That really hurt!
You die...
You join the legions of the undead harvest.

##.###..#######.#
##..###.###.# # ∆
#............ . ∆
+............ #.
##..##..##..#
###.##+######..##<.##..#
........................
........................
#.z.##..####.###..#
#####..O##..####.######
.........'........>.....
.........#..............
....)....#........##....
#..##....##..##...##....
#.. #....##§.##.........
...###+####§§##...##....
......§§§§§##...##....


You could see an ogre.

Vanquished Creatures
  A kobold brigand (Sewer)
  2 bombardier beetles (D:4)
  2 hounds (D:5)
  An orc priest (D:4)
  2 jellies
  An iguana (D:4)
  An orc wizard (D:4)
  2 river rats
  8 adders
  A white imp (D:5)
  4 dart slugs
  3 ribbon worms
  6 orcs
  5 bats
  2 bat zombies (D:4)
  6 endoplasms
  2 giant cockroaches
  14 goblins
  16 hobgoblins
  5 jackals
  8 quokkas
  A river rat zombie (D:4)
  4 ball pythons
  4 frilled lizards
  15 kobolds
  23 rats
139 creatures vanquished.

Vanquished Creatures (collateral kills)
  An orc priest (D:4)
  An adder (D:2)
  A ribbon worm (D:2)
  An orc (D:4)
  A bat (D:2)
  4 kobolds
  3 ball pythons
  3 goblins
  A rat (Sewer)
16 creatures vanquished.

Vanquished Creatures (others)
  A jelly zombie (D:4)
  2 adder zombies (D:4)
  An orc zombie (D:4)
  A ball python zombie (D:4)
  A bombardier beetle zombie (D:4)
  An endoplasm zombie (D:2)
  2 goblin zombies (D:4)
  4 hobgoblin zombies (D:4)
  2 jackal zombies
  4 kobold zombies
  A quokka zombie (D:4)
  10 rat zombies
30 creatures vanquished.

Grand Total: 185 creatures vanquished

Notes
Turn   | Place    | Note
-------+----------+-------------------------------------------
     0 | D:1      | OliveOil123 the Gnoll Wanderer began the quest for the Orb.
     0 | D:1      | OliveOil123 set off with the following items: a +2 hand
                  | axe, a +0 helmet, a potion of lignification, a +0 leather
                  | armour; and the following spell memorised: Slow; and the
                  | following spells available to memorise: Tukima's Dance.
     0 | D:1      | Reached XP level 1. HP: 13/13 MP: 6/6
    36 | D:1      | Reached XP level 2. HP: 16/19 MP: 5/7
   162 | D:1      | Reached skill level 5 in Spellcasting
   162 | D:1      | Reached XP level 3. HP: 25/25 MP: 7/9
   748 | D:2      | Reached skill level 1 in Fighting
   748 | D:2      | Reached skill level 1 in Short Blades
   748 | D:2      | Reached skill level 1 in Long Blades
   748 | D:2      | Reached skill level 1 in Maces & Flails
   748 | D:2      | Reached skill level 1 in Polearms
   748 | D:2      | Reached skill level 1 in Staves
   748 | D:2      | Reached skill level 1 in Ranged Weapons
   748 | D:2      | Reached skill level 1 in Throwing
   748 | D:2      | Reached skill level 1 in Armour
   748 | D:2      | Reached skill level 1 in Dodging
   748 | D:2      | Reached skill level 1 in Shields
   748 | D:2      | Reached skill level 1 in Unarmed Combat
   748 | D:2      | Reached skill level 1 in Evocations
   816 | D:2      | Found a faded altar of an unknown god.
   841 | D:2      | Prayed at the altar of an unknown god.
   841 | D:2      | Became a worshipper of Yredelemnul the Dark
   841 | D:2      | Reached * piety under Yredelemnul
   864 | D:2      | Reached skill level 1 in Shapeshifting
   864 | D:2      | Reached XP level 4. HP: 32/32 MP: 11/11
  1110 | D:2      | Reached skill level 1 in Conjurations
  1110 | D:2      | Reached skill level 1 in Summonings
  1110 | D:2      | Reached skill level 1 in Necromancy
  1110 | D:2      | Reached skill level 1 in Translocations
  1110 | D:2      | Reached skill level 1 in Fire Magic
  1110 | D:2      | Reached skill level 1 in Ice Magic
  1110 | D:2      | Reached skill level 1 in Air Magic
  1110 | D:2      | Reached skill level 1 in Earth Magic
  1110 | D:2      | Reached skill level 1 in Alchemy
  1126 | D:2      | Learned a level 3 spell: Tukima's Dance
  1137 | D:2      | Reached ** piety under Yredelemnul
  1413 | D:3      | Found a stormy altar of Qazlal.
  2428 | D:4      | Reached XP level 5. HP: 5/37 MP: 12/12
  2492 | D:4      | Gained mutation: You have sharp toenails. [potion of
                  | mutation]
  2651 | D:4      | Found a glowing drain.
  2655 | Sewer    | Entered a sewer
  2918 | Sewer    | Noticed a kobold brigand
  2932 | Sewer    | Killed a kobold brigand
  2933 | Sewer    | Reached XP level 6. HP: 24/44 MP: 14/14
  3535 | D:4      | Lost mutation: You have sharp toenails. [potion of
                  | mutation]
  3535 | D:4      | Gained mutation: You expend magic power (3 MP) to
                  | strengthen your wands. [potion of mutation]
  3535 | D:4      | Gained mutation: You have large cloven feet. [potion of
                  | mutation]
  3535 | D:4      | Gained mutation: You have sharp fingernails. [potion of
                  | mutation]
  3786 | D:4      | Reached skill level 7 in Axes
  3786 | D:4      | Reached XP level 7. HP: 36/51 MP: 15/15
  4177 | D:4      | Found an ancient bone altar of Kikubaaqudgha.
  4389 | D:5      | Entered Level 5 of the Dungeon
  4451 | D:5      | Lost mutation: You have sharp fingernails. [potion of
                  | mutation]
  4451 | D:5      | Lost mutation: You have large cloven feet. [potion of
                  | mutation]
  4451 | D:5      | Gained mutation: You are clumsy. (Dex -2) [potion of
                  | mutation]
  4451 | D:5      | Gained mutation: Your system is resistant to poisons.
                  | (rPois) [potion of mutation]
  4451 | D:5      | Gained mutation: Your muscles are strong. (Str +4, Int/Dex
                  | -1) [potion of mutation]
  4587 | D:5      | Found Anax's Book Emporium.
  4628 | D:5      | Found Paycri's Jewellery Boutique.
  4723 | D:5      | Mangled by an ogre

Illustrated notes

Levels and vault maps discovered:
D:1:      dpeg_arrival_shrine, layout_loops_ring, minmay_pentomino_u2
D:2:      layout_rooms, chequers_ecumenical_altar_simple_redux
D:3:      layout_basic, grunt_qazlal_clouds
D:4:      nicolae_cairo_tiling_large_dashed, layout_rooms,
          lemuel_zombie_altar_kikubaaqudgha, gup_sewer_entry_spiral,
          kennysheep_crisscross, hex_intersection, minmay_goblin_outpost
D:5:      layout_gridville, serial_shops, kennysheep_mini, shop_statue, shop,
          minmay_door_square

Skill      XL: |  1  2  3  4  5  6  7 |
---------------+----------------------+-----
Hexes          | 2 3 |  3.1
Spellcasting   | 5 |  5.7
Stealth        | 6 |  6.6
Fighting       | 1 2 |  2.6
Short Blades   | 1 2 |  2.6
Long Blades    | 1 2 |  2.6
Maces & Flails | 1 2 |  2.6
Polearms       | 1 2 |  2.6
Staves         | 1 2 |  2.6
Ranged Weapons | 1 2 |  2.6
Throwing       | 1 2 |  2.6
Armour         | 1 2 |  2.6
Dodging        | 1 2 |  2.6
Shields        | 1 2 |  2.6
Unarmed Combat | 1 2 |  2.6
Evocations     | 1 2 |  2.6
Shapeshifting  | 1 2 |  2.4
Conjurations   | 1 2 |  2.1
Summonings     | 1 2 |  2.1
Necromancy     | 1 2 |  2.1
Translocations | 1 2 |  2.1
Fire Magic     | 1 2 |  2.1
Ice Magic      | 1 2 |  2.1
Air Magic      | 1 2 |  2.1
Earth Magic    | 1 2 |  2.1
Alchemy        | 1 2 |  2.1
Invocations    | 3 4 |  4.0
Axes           | 7 |  7.1

Action                     |  1- 3 |  4- 6 |  7- 9 || total
---------------------------+-------+-------+-------++-------
  Melee: Hand axe          |    81 |   199 |    92 ||   372
         Bite              |     7 |    16 |     9 ||    32
         Punch             |     1 |     1 |     2 ||     4
         Maw               |       |     2 |       ||     2
         Kick              |       |    17 |    20 ||    37
  Throw: Javelin           |       |     4 |       ||     4
   Cast: Slow              |     4 |     2 |       ||     6
         Tukima's Dance    |       |     1 |       ||     1
 Invoke: Recall Undead Har |       |     1 |       ||     1
         Dark Bargain      |       |       |     1 ||     1
    Use: Potion            |       |    15 |     3 ||    18
         Scroll            |       |     8 |     3 ||    11
   Stab: Sleeping          |     6 |     3 |       ||     9
         Distracted        |       |     2 |       ||     2
 Armour: Leather armour    |    38 |    46 |       ||    84
         Skin              |       |    16 |    23 ||    39
         Plate armour      |       |    84 |    78 ||   162
  Dodge: Dodged            |    39 |    63 |    13 ||   115
         Form:             |       |     1 |       ||     1
         Maw               |       |     1 |       ||     1
         Death             |       |       |     1 ||     1
